 Dungeon Crawl Stone Soup version 0.30-a0-40-gc6d0f036a7 (webtiles) character file.

Game seed: 5249356148816206570

308 Newt the Cutter (level 6, -3/48 HPs)
             Began as a Demonspawn Gladiator on Aug 29, 2022.
             Killed by nerve-wracking pain
             ... invoked by a shadow imp
             ... summoned by Natasha
              (10 damage)
             ... on level 3 of the Dungeon.
             The game lasted 00:03:05 (1870 turns).

Newt the Cutter (Demonspawn Gladiator)              Turns: 1870, Time: 00:03:06

Health: -3/48      AC:  6    Str: 14    XL:     6   Next: 16%
Magic:  6/6        EV: 12    Int:  9    God:
Gold:   139        SH:  0    Dex: 17    Spells: 5/5 levels left

rFire   . . .      SeeInvis .    g - +3 dagger (speed)
rCold   . . .      Faith    .    (no shield)
rNeg    . . .      Spirit   .    b - +0 leather armour
rPois   .          Reflect  .    c - +0 helmet
rElec   .          Harm     .    f - +1 cloak
rCorr   .          Rampage  .    (no gloves)
Will    .....                    (no boots)
Stlth   ++........               (no amulet)
HPRegen 0.16/turn                (no ring)
MPRegen 0.10/turn                (no ring)

@: slowed, very slow
A: claws 2, condensation shield
a: no special abilities


You were on level 3 of the Dungeon.
You visited 1 branch of the dungeon, and saw 3 of its levels.

You collected 139 gold pieces.

Inventory:

Hand Weapons
 a - a +0 rapier
 g - a +3 dagger of speed (weapon)
Missiles
 d - 2 throwing nets
 e - 7 javelins (quivered)
Armour
 b - a +0 leather armour (worn)
 c - a +0 helmet (worn)
 f - a +1 cloak (worn)
Potions
 h - a potion of attraction {unknown}
 i - a potion of haste {unknown}
 j - a potion of curing {unknown}


   Skills:
 - Level 4.0 Fighting
 + Level 5.0 Short Blades
 - Level 1.7 Throwing
 - Level 2.6 Dodging
 - Level 2.0 Stealth


You had 5 spell levels left.
You didn't know any spells.
Your spell library was empty.

Dungeon Overview and Level Annotations

Branches:
Dungeon (3/15)

Altars:
Hepliaklqana

Annotations:
D:2 Sigmund
D:3 Natasha


Innate Abilities, Weirdness & Mutations

You have very sharp fingernails.
A meltable shield of frost defends you. (SH +0)


Message History

Your condensation shield dissipates!
Natasha zaps a wand.
The puff of flame hits you!
Natasha stares at you and mumbles some strange words.
You feel yourself slow down. Natasha claws you.
Natasha zaps a wand.
The puff of flame hits you!
You hit Natasha but do no damage. Natasha claws you.
You hit Natasha but do no damage. You miss Natasha.
Natasha claws you but does no damage.
You completely miss Natasha.
Natasha zaps a wand.
The puff of flame hits you.
You hit Natasha but do no damage. Natasha closely misses you.
You barely miss Natasha. You miss Natasha. Natasha claws you!
You hit Natasha.
Natasha is moderately wounded.
Natasha zaps a wand.
The puff of flame misses you.
You hit Natasha.
Natasha is heavily wounded.
Natasha barely misses you.
You hit Natasha.
Natasha is heavily wounded.
Natasha zaps a wand.
The puff of flame hits you.
* * * LOW HITPOINT WARNING * * *
You hit Natasha.
Natasha is severely wounded.
You hit Natasha.
Natasha is severely wounded.
Natasha casts a spell.
Unknown command.
Throw: 3 throwing nets
Press: ? - help, Shift-Dir - straight line, f - Natasha
Aim: Natasha, carrying a wand of flame (12) (severely wounded, 55% to hit)
You throw a throwing net. The throwing net hits Natasha.
Natasha is caught in the net!
Natasha is severely wounded.
Natasha zaps a wand.
The puff of flame hits you.
* * * LOW HITPOINT WARNING * * *
Natasha struggles against the net.
The shadow imp gestures at you. Pain shoots through your body!
You die...

# #.###.. .#### ###.......###
# #. #..#.##### ##.....## # #.
........# ##...## ######
#.......###### ##.### .....#
.............####†#.# .<...#
.#............#......# .....#
..#..........[........#
.....##.##.?.....h...........#
.....#..##......@............#
###....###......5###........##
...>...................######
###.#####..#####.......#####
....# ...................
....# .######.....#######
....# #......†..# ....#
#.........# ....# #.........#


You could see Natasha (caught) and a shadow imp (summoned).

Vanquished Creatures
  Grinder (D:3)
  Natasha (twice) (D:3)
  2 adders
  A worm (D:3)
  A dart slug (D:1)
  4 bats
  3 endoplasms
  2 giant cockroaches (D:1)
  3 goblins
  5 hobgoblins
  6 kobolds
  2 quokkas
  5 ball pythons
  4 frilled lizards
41 creatures vanquished.

Notes
Turn   | Place    | Note
-------+----------+-------------------------------------------
     0 | D:1      | Newt the Demonspawn Gladiator began the quest for the Orb.
     0 | D:1      | Reached XP level 1. HP: 16/16 MP: 1/1
    93 | D:1      | Reached skill level 1 in Stealth
   164 | D:1      | Gained mutation: You have sharp fingernails. [demonic
                  | ancestry]
   164 | D:1      | Reached XP level 2. HP: 15/22 MP: 2/2
  1030 | D:2      | Gained mutation: A meltable shield of frost defends you.
                  | (SH +0) [demonic ancestry]
  1030 | D:2      | Reached XP level 3. HP: 28/28 MP: 3/3
  1216 | D:2      | Noticed Natasha
  1217 | D:2      | Noticed Sigmund
  1239 | D:3      | Killed Natasha
  1240 | D:3      | Reached XP level 4. HP: 27/37 MP: 4/4
  1467 | D:3      | Noticed Grinder
  1498 | D:3      | Killed Grinder
  1499 | D:3      | Reached skill level 4 in Short Blades
  1499 | D:3      | Reached XP level 5. HP: 14/42 MP: 5/5
  1499 | D:3      | Gained mutation: You have very sharp fingernails. [demonic
                  | ancestry]
  1499 | D:3      | Reached XP level 6. HP: 16/48 MP: 6/6
  1747 | D:3      | Found a hazy altar of Hepliaklqana.
  1775 | D:3      | Noticed Natasha
  1786 | D:3      | Killed Natasha
  1787 | D:3      | Reached skill level 5 in Short Blades
  1851 | D:3      | Noticed Natasha
  1870 | D:3      | Killed from afar by a shadow imp

Illustrated notes

Levels and vault maps discovered:
D:1:      mrwooster_arrival_statue_3, layout_loops_ring
D:2:      layout_loops_ring, chequers_serial_rivers_micro_e, uniq_terence,
          uniq_natasha, uniq_sigmund
D:3:      layout_basic, lemuel_round_altar,
          chequers_ecumenical_altar_simple_redux, gammafunk_ghost_nasty_kobolds,
          uniq_ijyb, uniq_grinder

Skill      XL: |  1  2  3  4  5  6 |
---------------+-------------------+-----
Stealth        | 1 2 |  2.0
Fighting       | 3 4 |  4.0
Short Blades   | 4 5 |  5.0
Throwing       | |  1.7
Dodging        | |  2.6

Action                   |  1- 3 |  4- 6 || total
-------------------------+-------+-------++-------
Melee: Rapier            |    33 |       ||    33
       Dagger            |    60 |    57 ||   117
Throw: Javelin           |     1 |     5 ||     6
       Throwing net      |       |     4 ||     4
  Use: Scroll            |     2 |     2 ||     4
 Stab: Sleeping          |     6 |       ||     6
Armor: Leather armour    |    21 |     3 ||    24
Dodge: Dodged            |    50 |    12 ||    62
Block: Other             |    11 |     1 ||    12

Table legend: (Time is in decaauts)
 A = Elapsed time spent in this place.
 B = Non-inter-level travel time spent in this place.
 C = Inter-level travel time spent in this place.
 D = Time resting spent in this place.
 E = Time spent auto-exploring this place.
 F = Levels seen in this place.
 G = Mean time per level.
                   A        B        C        D        E       F      G
               +--------+--------+--------+--------+--------+-----+--------+
         Total |   1832 |   1781 |     51 |     75 |   1361 |   3 |  610.7 |
       Dungeon |   1832 |   1781 |     51 |     75 |   1361 |   3 |  610.7 |
               +--------+--------+--------+--------+--------+-----+--------+

Top non-repeatable levels by time:
     D:1: 1020 daAuts
     D:3: 616 daAuts
     D:2: 195 daAuts
